 Dungeon Crawl Stone Soup version 0.31-a0-986-g5e6e4ef867 (webtiles) character file.

Game seed: 7536100698613155803

379 croobank the Sneak (level 6, -2/52 HPs)
             Began as a Demigod Delver on Nov 10, 2023.
             Killed by divine providence
             ... invoked by an orc priest
              (11 damage)
             ... on level 4 of the Dungeon.
             The game lasted 00:07:28 (3906 turns).

croobank the Sneak (Demigod Delver)                 Turns: 3906, Time: 00:07:29

Health: -2/52      AC:  6    Str: 13    XL:     6   Next: 21%
Magic:  10/10      EV: 12    Int: 24    God:
Gold:   186        SH:  0    Dex: 15    Spells: 5/7 levels left

rFire   . . .        v - +5 mace of the Nurturing Dove {holy, Int+4}
rCold   . . .        (no shield)
rNeg    . . .        w - +1 leather armour of Wu Jian's Condemnation {Drain Slay+5}
rPois   .            s - +0 helmet
rElec   .            p - +0 cloak
rCorr   .            (no gloves)
SInv    .            (no boots)
Will    .....        (no amulet)
Stlth   +++          (no ring)
HPRegen 0.28/turn    (no ring)
MPRegen 0.12/turn

%: no passive effects
@: no status effects
A: high MP 1, forlorn, divine attributes
a: no special abilities


You were on level 4 of the Dungeon.
You visited 1 branch of the dungeon, and saw 6 of its levels.

You collected 186 gold pieces.

Inventory:

Hand Weapons
 a - a +0 short sword
 b - a +2 dagger of venom
 l - a +1 whip of flaming
 v - the +5 mace of the Nurturing Dove (weapon) {holy, Int+4}
   (You found it on level 2 of the Dungeon)

   Int+4:     It affects your intelligence (+4).
 x - a +0 trident
Missiles
 m - 13 poisoned darts
 z - 4 boomerangs
 C - 2 curare-tipped darts
Armour
 p - a +0 cloak (worn)
 s - a +0 helmet (worn)
 w - the +1 leather armour of Wu Jian's Condemnation (worn) {Drain Slay+5}
   (You found it on level 2 of the Dungeon)

   Slay+5:    It affects your accuracy & damage with ranged weapons and melee
   (+5).
   Drain:     It drains your maximum health when unequipped.
Magical Staves
 y - a staff of conjuration
Jewellery
 u - a +4 ring of protection
Talismans
 r - a serpent talisman
Wands
 g - a wand of digging (3)
 i - a wand of iceblast (11)
Scrolls
 c - a scroll of fog
 d - 2 scrolls of revelation
 h - a scroll of blinking
 j - 2 scrolls of identify
 k - 3 scrolls of amnesia {unknown}
 n - 2 scrolls of teleportation {unknown}
 q - a scroll of butterflies {unknown}
 t - a scroll of silence {unknown}
 A - 2 scrolls of immolation {unknown}
 B - 4 scrolls of noise {unknown}
Potions
 e - 3 potions of curing
 f - a potion of haste
 o - a potion of lignification
 D - a potion of enlightenment


   Skills:
 + Level 3.8 Fighting
 + Level 3.2 Short Blades
 + Level 3.2 Dodging
 + Level 5.4 Stealth
 + Level 1.2 Spellcasting
 + Level 1.4 Translocations


You had 5 spell levels left.
You knew the following spells:

 Your Spells              Type           Power      Damage    Failure   Level
a - Blink                 Tloc           16%        N/A       14%         2

Your spell library contained the following spells:

 Spells                   Type           Power      Damage    Failure   Level
 Manifold Assault         Tloc           8%         N/A       65%         4
 Vhi's Electric Charge    Tloc/Air       10%        N/A       77%         4
 Arcjolt                  Conj/Air       0%         1d10      99%         5
 Plasma Beam              Fire/Air       0%         2x1d10    100%        6


Dungeon Overview and Level Annotations

Branches:
Dungeon (6/15)             Temple (0/1) D:5

Annotations:
D:5 Pikel


Innate Abilities, Weirdness & Mutations

You have an increased reservoir of magic. (+10% MP)
You shall have no god before yourself.
Your divine heritage dramatically boosts your attributes as you level up.


Message History

There is a stone staircase leading up here. 2 orc priests come into view.
The orc priest shouts!
You hear a shout!
The orc priest shouts!
You hear a shout!
The orc priest invokes the aid of Beogh against you.
Beogh smites you!
The orc priest looks braver for a moment.
There is a stone staircase leading up here.
You climb upwards.
There is a stone staircase leading down here.
You start resting.
HP restored.
You climb downwards.
Level annotation: Pikel
There is a stone staircase leading up here.
You climb upwards.
There is a stone staircase leading down here.
You climb downwards.
Level annotation: Pikel The orc priest calls down the wrath of Beogh upon you.
Beogh smites you!
The orc priest invokes the aid of Beogh against you.
Beogh smites you!
There is a stone staircase leading up here.
The orc priest hits you but does no damage.
You climb upwards.
There is a stone staircase leading down here.
You barely miss the orc priest.
The orc priest calls down the wrath of Beogh upon you.
Beogh smites you!
* * * LOW HITPOINT WARNING * * *
You sock the orc priest!
The orc priest is heavily wounded.
The orc priest hits you with a +0 dagger.
* * * LOW HITPOINT WARNING * * *
You hit the orc priest.
The orc priest is almost dead.
The orc priest invokes the aid of Beogh against you.
Beogh smites you!
You die...

##### ###### #... #...#
#....# #..# #.#.#
#.##.##### #... #.#.#
#.##....<# #..#
#.#.###.###.####### #...
#.#.....# #.##.).)# #..#
#.#########....[..#####...
#.......o...#.##......'..#
#.#....#.@..........#.#...
#......#......#...#.#.#...
###.)..'..............+...
#....#################..
#....## ##. #....'# ♣♣♣ #.
##....'♣♣ ♣♣♣.♣♣♣ ♣♣.
#.......♣♣ ♣♣.....♣♣ ♣♣..
#........♣♣♣.......♣♣♣...


You could see an orc priest.

Vanquished Creatures
  A lemure (D:5)
  A phantom (D:4)
  2 scorpions
  A hound (D:4)
  An orc wizard (D:4)
  4 adders
  3 worms
  5 dart slugs
  7 orcs
  4 ball pythons
  6 bats
  7 endoplasms
  2 giant cockroaches (D:4)
  4 goblins
  8 hobgoblins
  6 quokkas
  A frilled lizard (D:1)
  6 kobolds
  5 rats
74 creatures vanquished.

Notes
Turn   | Place    | Note
-------+----------+-------------------------------------------
     0 | D:5      | croobank the Demigod Delver began the quest for the Orb.
     0 | D:5      | Reached XP level 1. HP: 18/18 MP: 3/3
    24 | D:6      | Noticed an ice beast
    29 | D:6      | Noticed a scorpion
    72 | D:5      | Found a staircase to the Ecumenical Temple.
   172 | D:5      | Noticed a hound
   188 | D:4      | Reached XP level 2. HP: 25/25 MP: 4/4
   736 | D:1      | Reached XP level 3. HP: 31/31 MP: 5/5
  1727 | D:2      | Reached skill level 5 in Stealth
  1841 | D:2      | Identified the +5 mace of the Nurturing Dove {holy, Int+4}
  1933 | D:2      | Identified the +1 leather armour of Wu Jian's Condemnation
                  | {Drain Slay+5}
  2171 | D:2      | Reached XP level 4. HP: 20/38 MP: 6/6
  2376 | D:3      | Learned a level 2 spell: Blink
  3061 | D:4      | Reached XP level 5. HP: 45/45 MP: 8/8
  3075 | D:4      | Reached skill level 1 in Translocations
  3203 | D:4      | Reached skill level 1 in Spellcasting
  3203 | D:4      | Reached XP level 6. HP: 47/52 MP: 10/10
  3666 | D:5      | Noticed Pikel
  3906 | D:4      | Killed from afar by an orc priest

Illustrated notes

Levels and vault maps discovered:
D:1:      eino_arrival_water_cross, layout_basic, minmay_tetromino_o4
D:2:      layout_loops_cross, basic_altar, nicolae_underground_beach
D:3:      layout_rooms, kennysheep_potato
D:4:      layout_basic, elyvilon_altar_3, serial_co_window_serial,
          co_window_corner_a, co_window_corner_a, co_window_paths_a,
          co_window_of_opportunity_a, co_window_of_opportunity_a,
          co_window_2corner, co_window_broadway_a, co_window_of_opportunity_c,
          co_window_paths_c, co_window_broadway_b, glass_columns_c,
          glass_columns_c, kennysheep_generic_room_4
D:5:      layout_loops_ring, tso_oasis_becter,
          minmay_temple_entry_enclosed_plants, lemuel_flame_loot_1, uniq_pikel,
          uniq_edmund
D:6:      layout_basic, grunt_qazlal_sundering, uniq_jeremiah

Skill      XL: |  1  2  3  4  5 |
---------------+----------------+-----
Short Blades   | 2 3 |  3.2
Dodging        | 2 3 |  3.2
Fighting       | 3 |  3.8
Stealth        | 5 |  5.4
Translocations | 1 |  1.4
Spellcasting   | 1 |  1.2

Action                     |  1- 3 |  4- 6 || total
---------------------------+-------+-------++-------
  Melee: Short sword       |   135 |       ||   135
         Punch             |     4 |       ||     4
         Mace              |    16 |    73 ||    89
    Use: Scroll            |     3 |     2 ||     5
   Stab: Sleeping          |    11 |    11 ||    22
         Distracted        |     1 |       ||     1
 Armour: Leather armour    |    99 |    41 ||   140
  Dodge: Dodged            |   114 |    48 ||   162

Table legend: (Time is in decaauts)
 A = Elapsed time spent in this place.
 B = Non-inter-level travel time spent in this place.
 C = Inter-level travel time spent in this place.
 D = Time resting spent in this place.
 E = Time spent auto-exploring this place.
 F = Levels seen in this place.
 G = Mean time per level.
                   A        B        C        D        E       F      G
               +--------+--------+--------+--------+--------+-----+--------+
         Total |   3934 |   3773 |    161 |    560 |   2347 |   6 |  655.7 |
       Dungeon |   3934 |   3773 |    161 |    560 |   2347 |   6 |  655.7 |
               +--------+--------+--------+--------+--------+-----+--------+

Top non-repeatable levels by time:
     D:1: 991 daAuts
     D:4: 988 daAuts
     D:2: 965 daAuts
     D:3: 621 daAuts
     D:5: 307 daAuts
     D:6: 61 daAuts
